 Dungeon Crawl Stone Soup version 0.30-a0-824-g6c64550be9 (webtiles) character file.

Game seed: 9178641145998842052

118 Lobster4 the Ducker (level 5, -5/38 HPs)
             Began as a Djinni Hedge Wizard on Feb 27, 2023.
             Slain by a white imp (7 damage)
             ... summoned by Natasha
             ... on level 2 of the Dungeon.
             The game lasted 00:04:05 (1892 turns).

Lobster4 the Ducker (Djinni Hedge Wizard)           Turns: 1892, Time: 00:04:06

Health: -5/38      AC:  4    Str:  9    XL:     5   Next: 23%
Gold:   146        EV: 13    Int: 17    God:
                   SH:  0    Dex: 19

rFire   + + .      SeeInvis .    d - +0 quarterstaff
rCold   x . .      Faith    .    (shield currently unavailable)
rNeg    + . .      Spirit   .    b - +0 robe
rPois   ∞          Reflect  .    s - +0 helmet
rElec   .          Harm     .    (no cloak)
rCorr   .          Rampage  .    j - +0 pair of gloves
Will    .....                    (boots unavailable)
Stlth   ++                       (no amulet)
HPRegen 0.26/turn                l - ring of positive energy
MPRegen 0.00/turn                p - +6 ring of dexterity

@: flying
A: sickness immunity, fire resistance 2, cold vulnerability 1, float, innate
caster, HP casting, extra vitality 1
a: no special abilities


You were on level 2 of the Dungeon.
You visited 1 branch of the dungeon, and saw 2 of its levels.

You collected 146 gold pieces.

Inventory:

Hand Weapons
 a - a +0 dagger
 d - a +0 quarterstaff (weapon)
Missiles
 k - 21 stones
Armour
 b - a +0 robe (worn)
 c - a +0 hat
 e - a +0 leather armour
 j - a +0 pair of gloves (worn)
 s - a +0 helmet (worn)
Jewellery
 l - a ring of positive energy (left hand)
 p - a +6 ring of dexterity (right hand)
Scrolls
 i - a scroll of enchant armour {unknown}
 m - a scroll of noise {unknown}
 n - a scroll of identify {unknown}
Potions
 f - 2 potions of mutation {unknown}
 g - a potion of brilliance {unknown}
 h - a potion of experience {unknown}
 o - a potion of cancellation {unknown}
 q - a potion of invisibility {unknown}
 r - a potion of ambrosia {unknown}


   Skills:
 + Level 1.6 Fighting
 - Level 1.0 Staves
 + Level 1.7 Armour
 + Level 3.1 Dodging
 - Level 2.0 Stealth
 + Level 2.9 Spellcasting


You knew the following spells:

 Your Spells              Type           Power      Damage    Failure   Level
a - Magic Dart            Conj           48%        1d5       5%          1
b - Foxfire               Conj/Fire      48%        2x1d6     5%          1
c - Slow                  Hex            48%        N/A       5%          1
d - Call Imp              Summ           12%        N/A       8%          2
e - Mephitic Cloud        Conj/Pois/Air  12%        N/A       16%         3
f - Blink                 Tloc           24%        N/A       8%          2
g - Momentum Strike       Conj/Tloc      24%        3d8       8%          2
Your spell library was empty.

Dungeon Overview and Level Annotations

Branches:
Dungeon (2/15)

Altars:

Annotations:
D:2 1 runed translucent door, Crazy Yiuf, Natasha


Innate Abilities, Weirdness & Mutations

You are immune to sickness and miasma.
You are immune to poison.
Your flesh is very heat resistant. (rF++)
You are vulnerable to cold. (rC-)
You float through the air rather than walking.
You learn spells naturally, not from books.
Your magical power is your life essence.
You have superior vitality. (+4 MHP)


Message History

Unknown command.
Your foxfire dissipates!
The foxfire hits the white imp.
The white imp is burned terribly!
The white imp is moderately wounded.
Natasha casts a spell.
The white imp gestures at you. The puff of frost hits you!
You feel a terrible chill! The white imp attacks as you move away!
The white imp misses you.
Casting: Foxfire (safe; 5% risk of failure)
Confirm with . or Enter, or press ? or * to list all spells.
You conjure some foxfire!
The white imp gestures at you. The puff of frost hits you!
You feel a terrible chill!
Unknown command.
Your foxfire dissipates!
The white imp attacks as you move away!
The white imp hits you but does no damage.
The foxfire hits the white imp.
The white imp is burned terribly!
The white imp is severely wounded.
Casting: Foxfire (safe; 5% risk of failure)
Confirm with . or Enter, or press ? or * to list all spells.
You conjure some foxfire!
The white imp barely misses you.
Unknown command.
Your foxfire dissipates!
The foxfire hits the white imp.
The white imp is almost dead.
Natasha stares at you and mumbles some strange words.
You resist with some effort.
The white imp picks up a beetle and eats it.
Casting: Foxfire (safe; 5% risk of failure)
Confirm with . or Enter, or press ? or * to list all spells.
You conjure some foxfire!
The white imp hits you.
* * * LOW HITPOINT WARNING * * *
The white imp freezes you.
You feel a terrible chill!
* * * LOW HITPOINT WARNING * * *
Unknown command.
Your foxfire dissipates!
The white imp attacks as you move away! The white imp hits you.
* * * LOW HITPOINT WARNING * * *
The white imp freezes you!
You feel a terrible chill!
You die...

#.# #.# #.# #.# #.# #.# #.# #.#
########.#######.################
....................>............
.....#########.#.#.#.############
.###.# #.#.#.#.#......## #. .#
#.# #.#@#.#.#.##....###. .# #.#
#.#5#.#.#.#.#....... .# #.#
#.#h5...#.#......##) .# #.#
###.#.#.#.#)#......... .# #.#
#.5.5.#.#...#..#...... .# #.#
#.#.#.#.#.###..#...... #.#
#.####### ####...... #. #......
#. ##### #......


You could see Natasha, a crimson imp (summoned), a white imp (summoned) and a
shadow imp (summoned).

Vanquished Creatures
  Robin (D:2)
  3 gnolls (D:2)
  2 adders (D:2)
  A dart slug (D:2)
  4 endoplasms
  6 giant cockroaches
  11 goblins
  5 hobgoblins
  3 jackals (D:1)
  2 quokkas
  2 ball pythons
  5 bats
  A frilled lizard (D:2)
  3 kobolds
  3 rats
52 creatures vanquished.

Vanquished Creatures (others)
  59 foxfires (D:2)
59 creatures vanquished.

Grand Total: 111 creatures vanquished

Notes
Turn   | Place    | Note
-------+----------+-------------------------------------------
     0 | D:1      | Lobster4 the Djinni Hedge Wizard began the quest for the
                  | Orb.
     0 | D:1      | Lobster4 set off with the following spells memorised: Magic
                  | Dart, Slow, Blink, Call Imp, Mephitic Cloud.
     0 | D:1      | Reached XP level 1. HP: 15/15 MP: 0/0
   470 | D:1      | Reached XP level 2. HP: 21/22 MP: 0/0
   973 | D:1      | Reached XP level 3. HP: 20/26 MP: 0/0
   973 | D:1      | Learned a level 1 spell: Foxfire
  1214 | D:2      | Reached skill level 1 in Fighting
  1214 | D:2      | Reached skill level 1 in Armour
  1244 | D:2      | Found a runed translucent door.
  1245 | D:2      | Noticed Crazy Yiuf
  1348 | D:2      | Reached XP level 4. HP: 21/32 MP: 0/0
  1601 | D:2      | Noticed Robin
  1606 | D:2      | Killed Robin
  1613 | D:2      | Reached skill level 1 in Staves
  1613 | D:2      | Reached skill level 3 in Dodging
  1638 | D:2      | Reached XP level 5. HP: 17/37 MP: 0/0
  1638 | D:2      | Learned a level 2 spell: Momentum Strike
  1880 | D:2      | Noticed Natasha
  1892 | D:2      | Slain by a white imp

Illustrated notes

Levels and vault maps discovered:
D:1:      dpeg_arrival_short_road, layout_basic
D:2:      layout_basic, minmay_quantized, uniq_crazy_yiuf_cottage, uniq_natasha,
          uniq_robin

Skill      XL: |  1  2  3  4 |
---------------+-------------+-----
Stealth        | 2 |  2.0
Fighting       | 1 |  1.6
Armour         | 1 |  1.7
Staves         | 1 |  1.0
Dodging        | 3 |  3.1
Spellcasting   | |  2.9

Action                     |  1- 3 |  4- 6 || total
---------------------------+-------+-------++-------
  Melee: Quarterstaff      |     9 |       ||     9
   Cast: Magic Dart        |    77 |    24 ||   101
         Foxfire           |       |    35 ||    35
 Armour: Robe              |     6 |     2 ||     8
  Dodge: Dodged            |    20 |     2 ||    22

Table legend: (Time is in decaauts)
 A = Elapsed time spent in this place.
 B = Non-inter-level travel time spent in this place.
 C = Inter-level travel time spent in this place.
 D = Time resting spent in this place.
 E = Time spent auto-exploring this place.
 F = Levels seen in this place.
 G = Mean time per level.
                   A        B        C        D        E       F      G
               +--------+--------+--------+--------+--------+-----+--------+
         Total |   1893 |   1837 |     56 |     63 |   1481 |   2 |  946.5 |
       Dungeon |   1893 |   1837 |     56 |     63 |   1481 |   2 |  946.5 |
               +--------+--------+--------+--------+--------+-----+--------+

Top non-repeatable levels by time:
     D:1: 1131 daAuts
     D:2: 761 daAuts
